 Dungeon Crawl Stone Soup version 0.20.1 (webtiles) character file.

26499 septik the Severer (level 12, -1/165 HPs)
             Began as a Minotaur Berserker on July 2, 2017.
             Was a High Priest of Trog.
             Slain by protoss039's ghost (13 damage)
             ... on level 12 of the Dungeon.
             The game lasted 00:57:29 (13311 turns).

septik the Severer (Minotaur Berserker)            Turns: 13311, Time: 00:57:30

Health: -1/165     AC: 19    Str: 35    XL:     12   Next: 98%
Magic:  11/11      EV: 13    Int:  8    God:    Trog [*****.]
Gold:   863        SH:  0    Dex: 10    Spells: 11/11 levels left

rFire    x . .     SeeInvis +   e - +5 battleaxe (flame)
rCold    + + .     Gourm    .   (shield currently unavailable)
rNeg     + . .     Faith    .   W - +4 chain mail of the Nightingale {rF- rN+ Str+3}
rPois    .         Spirit   .   u - +2 hat {SInv}
rElec    .         Reflect  .   C - scarf {rC+ rF+}
rCorr    .         Harm     .   (no gloves)
MR       .....                  w - +0 pair of boots
Stlth    ..........             a - amulet of magic regeneration
Regen    0.4/turn               L - ring of Joush {Ice Int+4}
MPRegen  0.2/turn               j - ring of stealth

@: berserking, lethally poisoned (-1 -> -1), barbed spikes, drained, very quick
A: retaliatory headbutt, horns 2
a: Berserk, Trog's Hand, Brothers in Arms, Burn Spellbooks, Renounce Religion


You were on level 12 of the Dungeon.
You worshipped Trog.
Trog was extremely pleased with you.
You were not hungry.

You visited 1 branch of the dungeon, and saw 13 of its levels.
You also visited: Labyrinth, Sewer and Ossuary.

You collected 863 gold pieces.

Inventory:

Hand Weapons
 e - a +5 battleaxe of flaming (weapon)
 g - a +1 whip of venom
 y - a +4 antimagic battleaxe
 A - a +2 whip of electrocution
 I - a +5 hand axe of freezing
Missiles
 f - 322 stones (quivered)
Armour
 u - a +2 hat of see invisible (worn)
 w - a +0 pair of boots (worn)
 C - a scarf of resistance (worn)
 T - +0 fire dragon scales
 W - the +4 chain mail of the Nightingale (worn) {rF- rN+ Str+3}
   (You found it on level 9 of the Dungeon)

   It affects your strength (+3).
   It makes you vulnerable to fire.
   It protects you from negative energy.
Magical Staves
 V - an uncursed staff of conjuration {unknown}
Jewellery
 a - an amulet of magic regeneration (around neck)
 j - a ring of stealth (right hand)
 L - the ring of Joush (left hand) {Ice Int+4}
   (You found it on level 6 of the Dungeon)

   [ring of ice]

   It enhances your ice magic.
   It affects your intelligence (+4).
   It makes you vulnerable to fire.
   It protects you from cold.
 M - an uncursed amulet of rage
 U - the brooch of Shielding {Reflect SH+8}
   (You found it on level 6 of the Dungeon)

   [amulet of reflection]

   It shields you and reflects attacks.
   It affects your SH (+8).
Wands
 b - a wand of lightning (5/15)
 o - a wand of scattershot (4/9)
 z - a wand of disintegration (14/24)
 B - a wand of flame (20/48)
 F - a wand of iceblast (8/15)
 N - a wand of scattershot (5/9)
Scrolls
 i - 4 scrolls of recharging
 m - 4 scrolls of enchant armour
 r - 14 scrolls of identify
 t - 5 scrolls of remove curse
 G - 8 scrolls of teleportation
 H - a scroll of fog
 O - a scroll of magic mapping {unknown}
Potions
 d - 3 potions of curing
 k - a potion of flight {unknown}
 n - 5 potions of lignification {unknown}
 p - 2 potions of resistance {unknown}
 s - a potion of mutation {unknown}
 v - 3 potions of cancellation {unknown}
 x - 3 potions of ambrosia {unknown}
 D - 4 potions of agility {unknown}
 J - 6 potions of heal wounds {unknown}
 K - a potion of might {unknown}
 P - a potion of invisibility {unknown}
 Q - a potion of magic {unknown}
 R - a potion of experience {unknown}
 X - 2 potions of degeneration {unknown}
Books
 S - a book of Transfigurations

   Spells                             Type                      Level
   a - Irradiate                      Conjuration/Transmutation    5
   b - Statue Form                    Transmutation/Earth          6
   c - Hydra Form                     Transmutation                6
   d - Dragon Form                    Transmutation                7
   Trog disapproves of the use of such an item.
Comestibles
 c - 10 bread rations
 h - 7 fruits
 l - 7 meat rations
 q - 4 royal jellies
 E - 2 chunks of flesh


   Skills:
 * Level 11.3(11.0) Fighting
 - Level 16.6(16.8) Axes
 - Level 7.9(13.0) Maces & Flails
 + Level 10.8(10.5) Armour
 + Level 10.0(9.7) Dodging


You had 11 spell levels left.
You didn't know any spells.

Dungeon Overview and Level Annotations

Branches:
Dungeon (13/15)            Temple (0/1) D:4            Lair (0/6) D:11
 Vaults (0/5) D:13
    Orc: D:9-12

Altars:
Ashenzari
Elyvilon
Gozag
Hepliaklqana
Kikubaaqudgha
Qazlal
Ru
Trog
Yredelemnul
Zin
The Shining One

Annotations:
D:12 protoss039's ghost, journeyman DsMo


Innate Abilities, Weirdness & Mutations

You reflexively headbutt those who attack you in melee.
You have a pair of horns on your head.


Message History

You slash the sky beast! You burn the sky beast. You headbutt the sky beast.
You kill the sky beast!
Trog accepts your kill.
Unknown command.
You slash protoss039's ghost! You burn protoss039's ghost.
You headbutt protoss039's ghost, but do no damage.
Protoss039's ghost is lightly damaged.
Unknown command.
You closely miss protoss039's ghost.
Your headbutt misses protoss039's ghost.
Protoss039's ghost is lightly damaged.
Protoss039's ghost hits you!!
* * * LOW HITPOINT WARNING * * *
You partially resist.
You feel drained.
* * * LOW HITPOINT WARNING * * *
You hit protoss039's ghost but do no damage.
Protoss039's ghost is lightly damaged.
The sentinel's mark upon you fades away.
You feel sick. Protoss039's ghost hits you!
You die...

..$ #.# ... #.# #
#.# #.####.#
.Y.#T# #.#####.#@#
#......HW.#
.#####.###
#.#####.######
#............+
#######.######...#
#.# #...# . #.#
#...###.. #.#
#........


You could see a manticore, a troll and protoss039's ghost.

Vanquished Creatures
  Gastronok (D:8)
  A minotaur (Lab)
  Erolcha (D:10)
  A catoblepas (D:13)
  Erica (D:7)
  3 two-headed ogres
  2 hell knights (D:13)
  Nergalle (D:11)
  An orc knight (D:13)
  2 wizards (D:13)
  Pikel (D:7)
  2 ugly things (D:11)
  A deep elf mage (D:13)
  A manticore (D:12)
  Joseph (D:8)
  A spiny frog (D:11)
  7 trolls
  3 hornets
  5 slime creatures (D:13)
  3 hippogriffs
  4 redbacks (Lab)
  2 shadows (D:13)
  6 yaks (D:9)
  A spriggan (D:7)
  2 wyverns
  4 basilisks (Lab)
  A hungry ghost (D:11)
  Grum (D:10)
  A porcupine (D:11)
  4 orc warriors
  3 sky beasts
  4 black bears
  An eye of draining (D:13)
  An ice beast (D:9)
  2 wolves (D:10)
  8 ogres
  2 phantoms
  5 centaurs
  A crocodile (D:10)
  3 big kobolds
  10 bullfrogs
  3 wyvern zombies
  A gnoll sergeant (D:3)
  4 scorpions
  10 killer bees
  4 wights (D:6)
  5 howler monkeys
  7 crimson imps
  2 bullfrog zombies
  2 centaur zombies
  4 hounds
  4 orc priests
  2 bullfrog skeletons
  5 gnoll shamans (D:3)
  4 jellies
  10 orc wizards
  4 centaur skeletons
  3 iguanas
  9 worker ants
  2 big kobold zombies (Ossuary)
  A hound zombie (D:10)
  2 mummies (Ossuary)
  A worker ant zombie (D:5)
  Robin (D:3)
  A howler monkey skeleton (D:7)
  A howler monkey zombie (D:3)
  27 gnolls (D:3)
  18 adders
  3 shadow imps
  13 oozes
  7 adder zombies
  3 adder skeletons
  4 worms
  2 dart slugs (D:3)
  18 leopard geckos
  34 orcs
  12 ball pythons
  7 bats
  18 giant cockroaches
  19 goblins
  13 hobgoblins
  28 jackals
  18 kobolds
  4 quokkas
  9 frilled lizards
  4 gnoll zombies (Ossuary)
  6 hobgoblin zombies (Ossuary)
  A jackal skeleton (D:3)
  6 kobold zombies (Ossuary)
  2 leopard gecko zombies (D:5)
  5 orc zombies (Ossuary)
  A quokka skeleton (D:5)
  A quokka zombie (D:6)
  8 rats
  2 fungi (D:11)
  7 plants (D:11)
497 creatures vanquished.

Vanquished Creatures (collateral kills)
  Harold (D:13)
  A centaur warrior (D:13)
2 creatures vanquished.

Vanquished Creatures (others)
  A water moccasin (D:7)
  A centaur (D:7)
  A killer bee (D:12)
  An orc wizard (D:7)
  A jackal (D:3)
  3 fungi (D:11)
  2 plants (D:11)
10 creatures vanquished.

Grand Total: 509 creatures vanquished

Notes
Turn   | Place    | Note
-------+----------+-------------------------------------------
     0 | D:1      | septik the Minotaur Berserker began the quest for the Orb.
     0 | D:1      | Reached XP level 1. HP: 19/19 MP: 0/0
   140 | D:1      | Reached skill level 4 in Axes
   283 | D:1      | Reached XP level 2. HP: 16/26 MP: 1/1
   626 | D:2      | Reached ** piety under Trog
   629 | D:2      | Reached skill level 5 in Axes
   640 | D:2      | Reached XP level 3. HP: 25/31 MP: 2/2
   960 | D:2      | Reached XP level 4. HP: 39/39 MP: 3/3
  1011 | D:2      | Reached skill level 6 in Axes
  1506 | D:3      | Noticed a gnoll sergeant
  1521 | D:3      | Reached skill level 7 in Axes
  1521 | D:3      | Reached XP level 5. HP: 29/45 MP: 4/4
  1536 | D:3      | Reached skill level 8 in Axes
  1538 | D:3      | Reached XP level 6. HP: 11/51 MP: 5/5
  1795 | D:3      | Reached *** piety under Trog
  2045 | D:3      | Reached skill level 9 in Axes
  2476 | D:3      | Reached XP level 7. HP: 57/57 MP: 6/6
  2533 | D:3      | Reached **** piety under Trog
  2735 | D:3      | Noticed Robin
  2757 | D:3      | Killed Robin
  2843 | D:3      | Reached skill level 10 in Axes
  2893 | D:3      | Reached skill level 1 in Maces & Flails
  3070 | D:3      | Found a hazy altar of Hepliaklqana.
  3357 | D:4      | Found a staircase to the Ecumenical Temple.
  3608 | D:4      | Reached skill level 5 in Maces & Flails
  3622 | D:4      | Found a stormy altar of Qazlal.
  3715 | D:4      | Found an opulent altar of Gozag.
  3775 | D:4      | Reached ***** piety under Trog
  3917 | D:4      | Reached XP level 8. HP: 59/64 MP: 7/7
  4193 | D:5      | Entered Level 5 of the Dungeon
  4366 | D:5      | Found a glowing drain.
  4375 | Sewer    | Entered a sewer
  4540 | Sewer    | Received a gift from Trog
  5009 | D:5      | Found an ancient bone altar of Kikubaaqudgha.
  5081 | D:5      | Found a basalt altar of Yredelemnul.
  5749 | D:6      | Reached XP level 9. HP: 68/72 MP: 2/8
  5839 | D:6      | Found a glowing silver altar of Zin.
  5853 | D:6      | Got a heavily runed wooden ring
  5858 | D:6      | Identified the ring of Joush {Ice Int+4} (You found it on level 6 of the Dungeon)
  5900 | D:6      | Reached skill level 11 in Axes
  5921 | D:6      | Found a sand-covered staircase.
  5930 | Ossuary  | Entered an ossuary
  6112 | Ossuary  | Reached skill level 5 in Fighting
  6190 | Ossuary  | Received a gift from Trog
  6240 | D:6      | Found a white marble altar of Elyvilon.
  6304 | D:6      | Got a pair of slimy gloves
  6324 | D:6      | Identified the cursed -4 pair of gloves of Trial and Error {rCorr} (You found it on level 6 of the Dungeon)
  6901 | D:7      | Noticed Pikel
  6919 | D:7      | Killed Pikel
  6919 | D:7      | Reached skill level 12 in Axes
  6919 | D:7      | Reached skill level 5 in Armour
  6919 | D:7      | Reached skill level 5 in Dodging
  6987 | D:7      | Found a shattered altar of Ashenzari.
  7241 | D:7      | Reached XP level 10. HP: 81/84 MP: 9/9
  7367 | D:8      | Noticed Erica
  7419 | D:8      | HP: 1/84 [something/orb of energy (30)]
  7430 | D:7      | HP: 2/84 [something (6)]
  7432 | D:7      | Killed Erica
  7872 | D:8      | Noticed a two-headed ogre
  7879 | D:8      | Killed a two-headed ogre
  7908 | D:8      | Noticed Gastronok
  7927 | D:8      | Killed Gastronok
  7927 | D:8      | Reached skill level 13 in Axes
  8146 | D:8      | Found a bloodstained altar of Trog.
  8147 | D:8      | Found a glowing golden altar of the Shining One.
  8150 | D:8      | Found a sacrificial altar of Ru.
  8212 | D:8      | Noticed Joseph
  8223 | D:8      | Killed Joseph
  8520 | D:9      | Paralysed by a hornet for 2 turns
  8522 | D:9      | Reached XP level 11. HP: 88/94 MP: 3/10
  8569 | D:9      | Found a sacrificial altar of Ru.
  8597 | D:9      | Received a gift from Trog
  8956 | D:9      | Reached skill level 14 in Axes
  9212 | D:9      | Got a smoking chain mail
  9223 | D:9      | Identified the +4 chain mail of the Nightingale {rF- rN+ Str+3} (You found it on level 9 of the Dungeon)
  9905 | D:10     | Entered Level 10 of the Dungeon
 10251 | D:10     | Noticed Grum
 10260 | D:10     | Killed Grum
 10540 | D:10     | Noticed Erolcha
 10548 | D:10     | Killed Erolcha
 10698 | D:11     | Paralysed by a hornet for 3 turns
 11029 | D:11     | Noticed Nergalle
 11037 | D:11     | Killed Nergalle
 11080 | D:11     | Noticed a white ugly thing
 11167 | D:11     | Received a gift from Trog
 11290 | D:11     | Killed a white ugly thing
 11308 | D:11     | Reached skill level 15 in Axes
 11488 | D:11     | Noticed a two-headed ogre
 11497 | D:11     | Killed a two-headed ogre
 11584 | D:11     | Found a staircase to the Lair.
 11648 | D:11     | Reached XP level 12. HP: 73/106 MP: 11/11
 11792 | D:11     | You fall through a shaft for 2 floors!
 11863 | D:13     | Reached skill level 10 in Fighting
 11877 | D:13     | Noticed a catoblepas
 11892 | D:13     | Killed a catoblepas
 11981 | D:13     | Noticed a two-headed ogre
 11990 | D:13     | Killed a two-headed ogre
 12077 | D:13     | Found a gate to the Vaults.
 12301 | D:13     | Reached skill level 10 in Armour
 12307 | D:13     | Reached skill level 16 in Axes
 12312 | D:13     | Noticed Harold
 12319 | D:13     | Killed Harold
 12861 | D:13     | Noticed a centaur warrior
 12868 | D:13     | Killed a centaur warrior
 13027 | D:12     | Found a labyrinth entrance.
 13037 | Lab      | Entered a labyrinth
 13234 | Lab      | Noticed a minotaur
 13237 | Lab      | Killed a minotaur
 13301 | D:12     | Noticed protoss039's ghost (journeyman DsMo)
 13305 | D:12     | Reached skill level 10 in Dodging
 13311 | D:12     | Slain by protoss039's ghost

Skill      XL: |  1  2  3  4  5  6  7  8  9 10 11 12 |
---------------+-------------------------------------+-----
Axes           | 4 5 7 8 9 10 12 13 15 16 | 16.6
Maces & Flails | 5 7 |  7.9
Fighting       | 4 6 8 9 11 | 11.3
Armour         | 3 5 7 9 10 | 10.8
Dodging        | 3 5 7 8 10 | 10.0

Action                   |  1- 3 |  4- 6 |  7- 9 | 10-12 || total
-------------------------+-------+-------+-------+-------++-------
Melee: Hand axe          |    66 |   149 |   143 |     6 ||   364
       Headbutt          |    13 |    22 |    66 |    83 ||   184
       Whip              |       |       |   203 |       ||   203
       Battleaxe         |       |       |   161 |   410 ||   571
Throw: Stone             |    10 |     1 |       |       ||    11
Invok: Berserk           |     1 |     5 |     5 |    11 ||    22
       Trog's Hand       |       |       |     4 |     6 ||    10
       Brothers in Arms  |       |       |       |     3 ||     3
       Burn Spellbooks   |       |       |       |     2 ||     2
  Use: Scroll            |       |     4 |     2 |     7 ||    13
       Potion            |       |       |       |     3 ||     3
  Eat: Chunk             |     1 |     9 |    18 |    18 ||    46
       Bread ration      |       |       |     1 |     4 ||     5
Armor: Animal skin       |    16 |     5 |       |       ||    21
       Ring mail         |       |    32 |   129 |     3 ||   164
       Plate armour      |       |       |    42 |    20 ||    62
       Troll leather arm |       |       |       |     2 ||     2
       Chain mail        |       |       |       |   170 ||   170
Dodge: Dodged            |    44 |    81 |   208 |   253 ||   586
Block: Other             |       |       |    18 |    20 ||    38
       Reflection        |       |       |     2 |       ||     2
